 Dungeon Crawl Stone Soup version 0.22-a0-224-g8cf3520 (webtiles) character file.

21 sankara the Grave Robber (level 2, -4/22 (23) HPs)
             Began as a Ghoul Necromancer on Feb 19, 2018.
             Slain by a worm (5 damage)
             ... on level 2 of the Dungeon.
             The game lasted 00:03:50 (1342 turns).

sankara the Grave Robber (Ghoul Necromancer)        Turns: 1342, Time: 00:03:51

HP:   -4/22 (23)    AC:  2    Str: 11    XL:     2   Next: 83%
MP:   1/3           EV: 12    Int: 10    God:
Gold: 28            SH:  0    Dex:  9    Spells: 3/4 levels left

rFire    . . .     SeeInvis .   a - +0 dagger
rCold    + . .     Gourm    .   (no shield)
rNeg     + + +     Faith    .   g - +0 robe
rPois    ∞         Spirit   .   (no helmet)
rElec    .         Reflect  .   (no cloak)
rCorr    .         Harm     .   (no gloves)
MR       .....                  (no boots)
Stlth    ++........             (no amulet)
HPRegen  0.00/turn              (no ring)
MPRegen  0.08/turn              (no ring)

@: rotting
A: rotting body, claws 1, carnivore, cold resistance 1, negative energy
resistance 3, inhibited regeneration, torment resistance, unbreathing
a: no special abilities


You were on level 2 of the Dungeon.
You were very hungry.

You visited 1 branch of the dungeon, and saw 2 of its levels.

You collected 28 gold pieces.

Inventory:

Hand Weapons
 a - a +0 dagger (weapon)
   (You took it off a goblin on level 1 of the Dungeon)
 b - a +0 hunting sling
   (You found it on level 1 of the Dungeon)
Missiles
 d - 35 stones (quivered)
 e - a throwing net {=f, !d}
Armour
 g - a +0 robe (worn)
Scrolls
 c - a scroll of magic mapping {unknown}
 i - a scroll of remove curse {unknown}
 j - a scroll of fear {unknown}
Potions
 h - a potion of haste
 k - a potion of lignification {unknown}
 l - a potion of curing {unknown}
Comestibles
 m - 2 rations


   Skills:
 + Level 1.1 Fighting
 + Level 2.1 Dodging
 + Level 2.6 Stealth
 - Level 1.7 Spellcasting
 + Level 4.2 Necromancy


You had 3 spell levels left.
You knew the following spells:

 Your Spells              Type           Power        Failure   Level  Hunger
a - Pain                  Necr           #...         6%          1    ##.....


Dungeon Overview and Level Annotations

Branches:
Dungeon (2/15)

Altars:


Innate Abilities, Weirdness & Mutations

Your body is rotting away.
You thrive on raw meat.
You are immune to poison.
You have sharp fingernails.
You are carnivorous and can eat meat at any time.
Your flesh is cold resistant. (rC+)
You are immune to negative energy. (rN+++)
You do not regenerate when monsters are visible.
You are immune to unholy pain and torment.
You can survive without breathing.


Message History

You climb downwards.
A worm comes into view.
There is a stone staircase leading up here.
The helpless worm fails to defend itself.
You puncture the worm!
The worm is heavily wounded.
The worm bites you.
You are too injured to fight recklessly!
You are too injured to fight recklessly!
You are too injured to fight recklessly!
You barely miss the worm.
The worm is moderately wounded.
You hit the worm.
The worm is heavily wounded.
The worm bites you!
You hit the worm but do no damage.
The worm is moderately wounded.
The worm bites you.
* * * LOW HITPOINT WARNING * * *
There is a stone staircase leading up here.
You climb upwards.
There is a stone staircase leading down here.
You start resting.
You are feeling hungry.
You start resting.
Some of the chunks of flesh in your inventory have rotted away.
All of the chunks of flesh in your inventory have rotted away.
You are feeling very hungry.
You start resting.
HP restored.
You climb downwards.
The worm bites you.
There is a stone staircase leading up here.
Casting: Pain (safe; 6% risk of failure)
Confirm with . or Enter, or press ? or * to list all spells.
Aiming: Pain (safe; 6% risk of failure)
Press: ? - help, Shift-Dir - straight line, f - worm
Aim: a worm (chance to defeat MR: 68%)
The worm writhes in agony!
Casting: Pain (safe; 6% risk of failure)
Confirm with . or Enter, or press ? or * to list all spells.
Aiming: Pain (safe; 6% risk of failure)
Press: ? - help, Shift-Dir - straight line, f/p - worm
Aim: a worm (moderately wounded, chance to defeat MR: 68%)
The worm writhes in agony!
The worm closely misses you.
Casting: Pain (safe; 6% risk of failure)
Confirm with . or Enter, or press ? or * to list all spells.
Aiming: Pain (safe; 6% risk of failure)
Press: ? - help, Shift-Dir - straight line, f/p - worm
Aim: a worm (moderately wounded, chance to defeat MR: 68%)
The worm struggles to resist.
Casting: Pain (safe; 6% risk of failure)
Confirm with . or Enter, or press ? or * to list all spells.
You don't have enough magic to cast that spell.
Unknown command.
You hit the worm.
The worm is heavily wounded.
The worm bites you.
You hit the worm.
The worm is heavily wounded.
The worm bites you.
You barely miss the worm.
The worm is heavily wounded.
You hit the worm.
The worm is severely wounded.
The worm bites you!
You hit the worm but do no damage.
The worm is severely wounded.
You barely miss the worm.
The worm is severely wounded.
The worm bites you.
* * * LOW HITPOINT WARNING * * *
You hit the worm but do no damage.
The worm is severely wounded.
The worm bites you.
* * * LOW HITPOINT WARNING * * *
You barely miss the worm.
The worm is heavily wounded.
You hit the worm.
The worm is severely wounded.
The worm barely misses you.
You hit the worm but do no damage.
The worm is heavily wounded.
You hit the worm.
The worm is severely wounded.
You feel your flesh rotting away. The worm closely misses you.
You barely miss the worm.
The worm is severely wounded.
The worm misses you.
You barely miss the worm.
The worm is severely wounded.
You hit the worm.
The worm is severely wounded.
The worm bites you but does no damage.
You hit the worm but do no damage.
The worm is severely wounded.
You hit the worm.
The worm is severely wounded.
The worm bites you.
You die...

##. #..
#[. #.#
#.# #.# .
#w# ...
#@###.....
#.....#
#..####
....#
#.....#
#.....#
#.....#
#.....#
#.....#


You could see a worm.

Vanquished Creatures
  A dart slug (D:1)
  A giant cockroach (D:1)
  3 hobgoblins (D:1)
  A ball python (D:1)
  3 bats (D:1)
  4 goblins (D:1)
  7 rats (D:1)
20 creatures vanquished.

Notes
Turn   | Place    | Note
-------+----------+-------------------------------------------
     0 | D:1      | sankara the Ghoul Necromancer began the quest for the Orb.
     0 | D:1      | Reached XP level 1. HP: 14/14 MP: 2/2
   410 | D:1      | Reached skill level 2 in Dodging
   410 | D:1      | Reached XP level 2. HP: 22/22 MP: 3/3
   649 | D:1      | Reached skill level 1 in Fighting
  1041 | D:2      | HP: 3/23 [worm (4)]
  1332 | D:2      | HP: 3/23 [worm (5)]
  1333 | D:2      | HP: 1/23 [worm (2)]
  1342 | D:2      | Slain by a worm

Vault maps used:
D:1:      minmay_arrival_plants_in_alcoves, minmay_large_rounded_square,
          minmay_tetromino_l2
D:2:      serial_undead, serial_undead_a, serial_undead_f, serial_undead_a,
          serial_undead_a

Skill      XL: |  1  2 |
---------------+-------+-----
Dodging        | 2 |  2.1
Fighting       | 1 |  1.1
Stealth        | |  2.6
Spellcasting   | |  1.7
Necromancy     | |  4.2

Action                   || total
-------------------------++-------
Melee: Unarmed           ||    33
       Dagger            ||    37
 Fire: Hunting sling     ||     5
 Cast: Pain              ||     3
 Stab: Sleeping          ||     8
Armor: Robe              ||    12
Dodge: Dodged            ||    30

Table legend:
 A = Spawn XP
 B = Non-spawn XP
 C = Spawn XP percentage of total XP
 D = Spawn monster count
 E = Non-spawn monster count
 F = Spawn count percentage of total count
 G = Total turns spent on level
                    A         B        C        D         E        F      G
               +---------+---------+-------+---------+---------+-------+---------
         Total |       0 |      30 |   0.0 |       0 |      20 |   0.0 |  1342
               +---------+---------+-------+---------+---------+-------+---------
           D:1 |       0 |      30 |   0.0 |       0 |      20 |   0.0 |  1315
               +---------+---------+-------+---------+---------+-------+---------

Vault maps used:
D:1:      minmay_arrival_plants_in_alcoves, minmay_large_rounded_square,
          minmay_tetromino_l2
D:2:      serial_undead, serial_undead_a, serial_undead_f, serial_undead_a,
          serial_undead_a

Table legend:
 A = Turns spent in this place as a percentage of turns spent in the entire game.
 B = Non-inter-level travel turns spent in this place as a percentage of non-inter-level travel turns spent in the entire game.
 C = Inter-level travel turns spent in this place as a percentage of turns spent in this place.
 D = Turns resting spent in this place as a percentage of non-inter-level travel turns spent in this place.
 E = Turns spent auto-exploring this place as a percentage of non-inter-level travel turns spent in this place.
 F = Non-inter-level travel turns spent in this place divided by the number of levels of this place that you've seen.
                   A       B       C       D       E      F
               +-------+-------+-------+-------+-------+----------------------
         Total | 100.0 | 100.0 |   1.8 |  53.0 |  30.5 | 659.0
       Dungeon | 100.0 | 100.0 |   1.8 |  53.0 |  30.5 | 659.0
               +-------+-------+-------+-------+-------+----------------------

Table legend:
 A = Kills in this place as a percentage of kills in entire the game.
 B = Kills by you in this place as a percentage of kills by you in the entire game.
 C = Kills by friends in this place as a percentage of kills by friends in the entire game.
 D = Other kills in this place as a percentage of other kills in the entire game.
 E = Experience gained in this place as a percentage of experience gained in the entire game.
 F = Experience gained in this place divided by the number of levels of this place that you have seen.
                   A       B       C       D       E      F
               +-------+-------+-------+-------+-------+----------------------
         Total | 100.0 | 100.0 |   N/A |   N/A | 100.0 |  15.0
       Dungeon | 100.0 | 100.0 |   N/A |   N/A | 100.0 |  15.0
               +-------+-------+-------+-------+-------+----------------------
